 Dungeon Crawl Stone Soup version 0.18.1-48-g4cf74bf (webtiles) character file.

2824 WarriorsX the Fighter (level 10, 0/87 HPs)
             Began as a Human Fighter on Aug 7, 2016.
             Slain by a killer bee (8 damage)
             ... on level 7 of the Dungeon.
             The game lasted 00:17:32 (6481 turns).

WarriorsX the Fighter (Human Fighter)               Turns: 6481, Time: 00:17:32

Health: 0/87       AC: 13    Str: 24    XL:     10   Next: 3%
Magic:  10/10      EV:  7    Int: 10    God:
Gold:   359        SH:  8    Dex: 12    Spells: 0 memorised, 9 levels left

rFire  . . .     SeeInvis .     a - +0 long sword
rCold  . . .     Gourm    .     b - +0 scale mail
rNeg   . . .     Faith    .     c - +0 shield
rPois  .         Spirit   .     E - +0 helmet
rElec  .         Dismiss  .     o - +0 cloak
rCorr  .         Reflect  .     G - +0 pair of gloves
SustAt .         Harm     .     s - +3 pair of boots of the Abyss {Regen+ Slay+3}
MR     .....                    (no amulet)
Stlth  ..........               (no ring)
                                (no ring)

@: mighty, heavily drained, not resistant to hostile enchantments, extremely
unstealthy
A: no striking features
a: no special abilities


You were on level 7 of the Dungeon.
You were not hungry.

You visited 1 branch of the dungeon, and saw 7 of its levels.

You collected 371 gold pieces.
You spent 12 gold pieces at shops.

Inventory:

Hand Weapons
 a - a +0 long sword (weapon)
 r - a +0 spear of chaos
Armour
 b - a +0 scale mail (worn)
 c - a +0 shield (worn)
 o - a +0 cloak (worn)
 s - the +3 pair of boots of the Abyss (worn) {Regen+ Slay+3}
   (You found it on level 4 of the Dungeon)

   It affects your accuracy and damage with ranged weapons and melee attacks
   (+3).
   It increases your rate of regeneration.
 E - a +0 helmet (worn)
 G - a +0 pair of gloves (worn)
Wands
 x - a wand of flame (16/48)
Scrolls
 g - a scroll of magic mapping
 h - 10 scrolls of identify {unknown}
 j - a scroll of amnesia {unknown}
 l - 2 scrolls of remove curse {unknown}
 m - a scroll of fog {unknown}
 n - 2 scrolls of blinking {unknown}
 q - 2 scrolls of noise {unknown}
 u - 2 scrolls of teleportation {unknown}
 y - a scroll of fear {unknown}
 A - 2 scrolls of enchant weapon {unknown}
 B - a scroll of recharging {unknown}
Potions
 e - 2 potions of brilliance
 i - 2 potions of curing
 z - 2 potions of lignification {unknown}
 C - a potion of cure mutation {unknown}
 D - a potion of haste {unknown}
 F - a potion of agility {unknown}
 I - a potion of invisibility {unknown}
Books
 p - a book of the Earth

   Spells                             Type                      Level
   a - Leda's Liquefaction            Hexes/Earth                  4
   b - Bolt of Magma                  Conjuration/Fire/Earth       5
   c - Statue Form                    Transmutation/Earth          6
   d - Iron Shot                      Conjuration/Earth            6
   e - Shatter                        Earth                        9
 t - a book of Minor Magic

   Spells                             Type                      Level
   a - Magic Dart                     Conjuration                  1
   b - Blink                          Translocation                2
   c - Call Imp                       Summoning                    2
   d - Repel Missiles                 Charms/Air                   2
   e - Slow                           Hexes                        2
   f - Conjure Flame                  Conjuration/Fire             3
   g - Mephitic Cloud                 Conjuration/Poison/Air       3
Comestibles
 f - 9 bread rations
 k - 2 meat rations
 v - 5 fruits
 w - a slice of pizza
 H - a chunk of flesh


   Skills:
 - Level 11.1(9.4) Fighting
 + Level 7.6(5.9) Long Blades
 - Level 3.0(1.5) Armour
 - Level 3.0(1.5) Shields


You had 9 spell levels left.
You didn't know any spells.

Dungeon Overview and Level Annotations

Branches:
Dungeon (7/15)             Temple (0/1) D:7

Altars:
Dithmenos
Fedhas
Gozag
Nemelex Xobeh
Okawaru
Xom
Yredelemnul

Shops:
D:4 !


Message History

The killer bee barely misses you.
The killer bee stings you but does no damage.
You miss the killer bee. You block the killer bee's attack.
The killer bee stings you.
* * * LOW HITPOINT WARNING * * *
You are poisoned.
The killer bee poisons you! The killer bee barely misses you. x2
The killer bee stings you but does no damage.
The killer bee completely misses you. The killer bee stings you.
* * * LOW HITPOINT WARNING * * *
You miss the killer bee.
You feel sick. The killer bee closely misses you.
You block the killer bee's attack. x2; The killer bee stings you.
* * * LOW HITPOINT WARNING * * *
The killer bee barely misses you.
The killer bee stings you but does no damage.
The killer bee closely misses you. The killer bee stings you.
* * * LOW HITPOINT WARNING * * *
Drink which item? (? for menu, Esc to quit)
You feel better. The killer bee barely misses you. The killer bee stings you!
You die...

....!.........,,#...........###.#
,,...........,,*#####......##..##
,**,#..#.##.#*,* #..#......#.###
,,,,##....#.#*** ##.#......##..##
,*,,#.......## #..#......####.#
,,,,#........## ##)#......##..##
**#.#.........#####.#......#.###
#............yy##........##..##
#.##...###.###@#####.########.#
##*#....##..##y# ##..# ##.[##
#........##y###...#####.###
#..#####...yy...#....###..##
#..##................#####.#
*****###*........#.........##..##
,,,_,* *........###...###.#.###
,,,,,****...####+#*##..# #.##..#
,,,,,,,,,...**8,,,8*#..# #.....#


You could see 6 killer bees.

Vanquished Creatures
  A spriggan (D:7)
  Sigmund (D:2)
  Duvessa (D:5)
  A wasp (D:7)
  An orc warrior (D:5)
  A black bear (D:6)
  A necrophage (D:7)
  4 ogres
  2 phantoms (D:7)
  2 giant frogs
  Dowan (D:5)
  3 scorpions
  A howler monkey (D:4)
  4 wights (D:7)
  2 crimson imps
  3 giant frog zombies
  A hound (D:5)
  3 orc priests
  A centaur skeleton (D:5)
  Ijyb (D:2)
  6 orc wizards
  8 worker ants
  4 gnolls
  A howler monkey skeleton (D:5)
  9 adders
  2 oozes
  2 adder skeletons (D:4)
  A worm (D:3)
  4 dart slugs
  7 giant geckos
  40 orcs
  4 giant cockroaches
  6 hobgoblins
  2 jackals (D:6)
  5 quokkas
  A ball python (D:1)
  A ball python skeleton (D:4)
  6 bats
  A giant gecko skeleton (D:4)
  2 giant newts
  8 goblins
  A jackal skeleton (D:4)
  5 kobolds
  6 rats
  A spectral orc (D:5)
168 creatures vanquished.

Vanquished Creatures (others)
  An orc wizard (D:3)
1 creature vanquished.

Grand Total: 169 creatures vanquished

Notes
Turn   | Place    | Note
--------------------------------------------------------------
     0 | D:1      | WarriorsX the Human Fighter began the quest for the Orb.
     0 | D:1      | Reached XP level 1. HP: 18/18 MP: 1/1
   158 | D:1      | Reached XP level 2. HP: 24/24 MP: 2/2
   471 | D:1      | Reached skill level 4 in Fighting
   471 | D:1      | Reached XP level 3. HP: 30/30 MP: 3/3
  1117 | D:1      | Reached XP level 4. HP: 11/38 MP: 4/4
  1590 | D:2      | Noticed Ijyb
  1599 | D:2      | Reached skill level 5 in Fighting
  1609 | D:2      | Killed Ijyb
  1609 | D:2      | Reached XP level 5. HP: 44/44 MP: 5/5
  1635 | D:2      | Noticed Sigmund
  1661 | D:2      | Killed Sigmund
  1661 | D:2      | Reached skill level 6 in Fighting
  1661 | D:2      | Reached XP level 6. HP: 34/53 MP: 6/6
  1850 | D:2      | Reached skill level 7 in Fighting
  2368 | D:3      | Found an opulent altar of Gozag.
  2559 | D:3      | Found a shimmering altar of Xom.
  2665 | D:3      | Found an iron altar of Okawaru.
  2783 | D:4      | Noticed an ogre
  2795 | D:3      | Killed an ogre
  2795 | D:3      | Reached XP level 7. HP: 52/61 MP: 7/7
  3038 | D:4      | Reached skill level 8 in Fighting
  3133 | D:4      | Got a pair of polished boots
  3144 | D:4      | Identified the +3 pair of boots of the Abyss {Regen+ Slay+3} (You found it on level 4 of the Dungeon)
  3698 | D:3      | Reached XP level 8. HP: 61/70 MP: 8/8
  3753 | D:4      | Reached skill level 9 in Fighting
  3782 | D:4      | Found a shadowy altar of Dithmenos.
  3911 | D:4      | Found Tugya's Distillery.
  3914 | D:4      | Bought a potion of degeneration for 12 gold pieces
  4162 | D:5      | Entered Level 5 of the Dungeon
  4459 | D:5      | Noticed Duvessa
  4461 | D:5      | Noticed Dowan
  4472 | D:5      | Killed Duvessa
  4472 | D:5      | Reached skill level 10 in Fighting
  4491 | D:5      | Killed Dowan
  5030 | D:5      | Found a sparkling altar of Nemelex Xobeh.
  5039 | D:5      | Reached XP level 9. HP: 79/79 MP: 9/9
  5137 | D:5      | Found a basalt altar of Yredelemnul.
  5472 | D:5      | Reached skill level 11 in Fighting
  5658 | D:6      | Found a blossoming altar of Fedhas.
  6133 | D:7      | Reached skill level 5 in Long Blades
  6448 | D:7      | Reached XP level 10. HP: 70/87 MP: 10/10
  6480 | D:7      | HP: 3/87 [killer bee (3)]
  6481 | D:7      | Slain by a killer bee

Skill      XL: |  1  2  3  4  5  6  7  8  9 |
---------------+----------------------------+-----
Fighting       | 4 5 6 7 8 10 11 | 11.1
Long Blades    | 7 |  7.6
Armour         | |  3.0
Shields        | |  3.0

Action                   |  1- 3 |  4- 6 |  7- 9 | 10-12 || total
-------------------------+-------+-------+-------+-------++-------
Melee: Long sword        |    91 |   164 |   485 |    24 ||   764
  Use: Potion            |     1 |     4 |       |     7 ||    12
       Scroll            |       |       |       |     1 ||     1
  Eat: Chunk             |       |     6 |    13 |       ||    19
       Beef jerky        |       |     1 |       |       ||     1
Armor: Scale mail        |    88 |    85 |   278 |    33 ||   484
Dodge: Dodged            |    44 |    58 |   136 |    33 ||   271
Block: Shield            |    82 |    94 |   244 |    28 ||   448
